 Dungeon Crawl Stone Soup version 0.20.0 (webtiles) character file.

65 FakerFangirl the Cudgeler (level 3, -3/31 HPs)
             Began as a Draconian Fighter on May 25, 2017.
             Slain by FakerFangirl's ghost (6 damage)
             ... on level 3 of the Dungeon.
             The game lasted 00:02:43 (1939 turns).

FakerFangirl the Cudgeler (Draconian Fighter)       Turns: 1939, Time: 00:02:43

Health: -3/31      AC:  5    Str: 20    XL:     3   Next: 94%
Magic:  3/3        EV: 10    Int:  8    God:
Gold:   207        SH:  9    Dex: 11    Spells: 2/2 levels left

rFire    . . .     SeeInvis .   Y - +0 flail
rCold    . . .     Gourm    .   b - +0 shield
rNeg     . . .     Faith    .   (armour unavailable)
rPois    .         Spirit   .   (helmet restricted)
rElec    .         Reflect  .   (no cloak)
rCorr    .         Harm     .   (no gloves)
MR       .....                  (no boots)
Stlth    +.........             (no amulet)
Regen    0.1/turn               e - +2 ring of strength
MPRegen  0.1/turn               (no ring)

@: no status effects
A: unfitting armour, cold-blooded, AC +5
a: no special abilities


You were on level 3 of the Dungeon.
You were not hungry.

You visited 1 branch of the dungeon, and saw 3 of its levels.

You collected 207 gold pieces.


Innate Abilities, Weirdness & Mutations

Your plain brown scales are hard. (AC +5)
You cannot fit into any form of body armour.
You are cold-blooded and may be slowed by cold attacks.


   Skills:
 - Level 3.2 Fighting
 + Level 4.2 Maces & Flails
 - Level 2.6 Dodging
 - Level 3.0 Shields


You had 2 spell levels left.
You didn't know any spells.

Inventory:

Hand Weapons
 Y - a +0 flail (weapon)
Armour
 b - a +0 shield (worn)
Jewellery
 e - a +2 ring of strength (left hand)
Scrolls
 a - a scroll of identify
 h - 4 scrolls of remove curse
Potions
 c - a potion of might
 g - a potion of lignification {unknown}
 j - a potion of haste {unknown}
Comestibles
 d - 4 bread rations
 f - 5 fruits
 i - 4 chunks of flesh
 n - 2 meat rations

Dungeon Overview and Level Annotations

Branches:
Dungeon (3/15)

Altars:

Annotations:
D:3 1 runed door, FakerFangirl's ghost, amateur DrFi


Message History

You barely miss the ball python.
Your tail-slap misses the ball python.
The ball python is moderately wounded.
You block the ball python's attack. The ball python constricts you.
You block the ball python's attack. The ball python constricts you.
You sock the ball python!
You kill the ball python!
FakerFangirl's ghost barely misses you. FakerFangirl's ghost hits you!
You barely miss FakerFangirl's ghost. You tail-slap FakerFangirl's ghost.
FakerFangirl's ghost is lightly damaged.
FakerFangirl's ghost hits you!
You barely miss FakerFangirl's ghost.
FakerFangirl's ghost is lightly damaged.
FakerFangirl's ghost hits you.
Your shield prevents you from hitting FakerFangirl's ghost.
FakerFangirl's ghost is lightly damaged.
You block FakerFangirl's ghost's attack. x2
You hit FakerFangirl's ghost.
FakerFangirl's ghost is lightly damaged.
FakerFangirl's ghost hits you.
You die...

##'# #.###.# ##..>##
###...#.# ##.....##
....... ##.......##
##.#.#
###.........####....####
..'.........'...........
#.........####....####
###...W....## ##...#
......%@..## #.###
..###'###..# #.# # #..#
#.# #..# #.# #..# #.#
#..# #.# #..# #.# #.##
#.#


You could see FakerFangirl's ghost.

Vanquished Creatures
  2 dart slugs (D:1)
  2 leopard geckos (D:3)
  An orc (D:3)
  A giant cockroach (D:1)
  6 goblins
  5 hobgoblins
  4 jackals
  7 kobolds
  A quokka (D:1)
  2 ball pythons
  11 bats
  5 frilled lizards
  10 rats
57 creatures vanquished.

Notes
Turn   | Place    | Note
-------+----------+-------------------------------------------
     0 | D:1      | FakerFangirl the Draconian Fighter began the quest for the Orb.
     0 | D:1      | Reached XP level 1. HP: 19/19 MP: 1/1
     0 | D:1      | 0 ||| counter = 33
   168 | D:1      | 168 ||| Stepping ~*~*~tactically~*~*~ (outnumbered).
   172 | D:1      | 172 ||| Stepping ~*~*~tactically~*~*~ (outnumbered).
   173 | D:1      | 173 ||| Stepping ~*~*~tactically~*~*~ (outnumbered).
   174 | D:1      | 174 ||| Stepping ~*~*~tactically~*~*~ (outnumbered).
   175 | D:1      | 175 ||| Stepping ~*~*~tactically~*~*~ (outnumbered).
   191 | D:1      | Reached XP level 2. HP: 22/26 MP: 2/2
   321 | D:1      | Reached skill level 3 in Maces & Flails
   452 | D:1      | 452 ||| Stepping ~*~*~tactically~*~*~ (outnumbered).
   453 | D:1      | 453 ||| Stepping ~*~*~tactically~*~*~ (outnumbered).
   455 | D:1      | 455 ||| Stepping ~*~*~tactically~*~*~ (outnumbered).
   869 | D:1      | Reached XP level 3. HP: 28/31 MP: 3/3
   905 | D:1      | 905 ||| READING scroll labeled JISIETIACS.
   906 | D:1      | 906 ||| READING scroll labeled USEODU GEOLLE.
   907 | D:1      | 907 ||| READING scroll labeled LUGREC FOENWI.
   908 | D:1      | 908 ||| READING scroll labeled PONTOJ MAROO.
   909 | D:1      | 909 ||| READING scroll labeled YNUSERR FUFEGG.
   910 | D:1      | 910 ||| READING scroll labeled XOEPLU ITHRO.
   944 | D:2      | 944 ||| STAIRDANCE
   953 | D:2      | 953 ||| STAIRDANCE
  1431 | D:2      | Reached skill level 4 in Maces & Flails
  1433 | D:2      | 1433 ||| UPGRADING to glass ring.
  1434 | D:2      | 1434 ||| READING 3 scrolls labeled RATAQA ZEGH.
  1435 | D:2      | 1435 ||| READING scroll labeled NIRAKK LALI.
  1436 | D:2      | 1436 ||| READING 2 scrolls of identify.
  1436 | D:2      | 1436 ||| IDENTIFYING ruby potion
  1437 | D:2      | 1437 ||| DROPPING potion of ambrosia.
  1459 | D:3      | 1459 ||| STAIRDANCE
  1636 | D:3      | Found a runed door.
  1933 | D:3      | Noticed FakerFangirl's ghost (amateur DrFi)
  1936 | D:3      | HP: 3/31 [FakerFangirl's ghost (11)]
  1939 | D:3      | Slain by FakerFangirl's ghost

Vault maps used:
D:1:      lemuel_arrival_hallway
D:2:      minmay_rat_gold_closets
D:3:      lemuel_doored_altar, kennysheep_generic_room_16,
          uniq_crazy_yiuf_cottage

Skill      XL: |  1  2  3 |
---------------+----------+-----
Maces & Flails | 3 4 |  4.2
Fighting       | |  3.2
Dodging        | |  2.6
Shields        | |  3.0

Action                   || total
-------------------------++-------
Melee: Flail             ||   172
       Tailslap          ||    19
  Use: Scroll            ||     9
  Eat: Chunk             ||     4
Armor: Skin              ||    45
Dodge: Dodged            ||    70
Block: Shield            ||    81
